 Dungeon Crawl Stone Soup version 0.26.1-11-gd32895ea62 (webtiles) character file.

Game seed: 13471700371849680784

30772 Tyagj the Basher (level 13, -1/101 HPs)
             Began as a Demonspawn Fighter on May 20, 2021.
             Was a High Priest of Trog.
             Slain by Agnes
             ... wielding a +0 lajatang
              (15 damage)
             ... on level 14 of the Dungeon.
             The game lasted 01:05:22 (17735 turns).

Tyagj the Basher (Demonspawn Fighter)              Turns: 17735, Time: 01:05:22

Health: -1/101     AC: 23    Str: 26    XL:     13   Next: 22%
Magic:  0/13       EV:  8    Int: 10    God:    Trog [*****.]
Gold:   1222       SH: 14    Dex: 14    Spells: 12/12 levels left

rFire    + . .     SeeInvis .   a - +5 flail
rCold    . . .     Faith    .   O - +1 kite shield {AC+3}
rNeg     . . .     Spirit   +   i - +2 plate armour
rPois    .         Reflect  .   (no helmet)
rElec    .         Harm     .   d - scarf {repulsion}
rCorr    .         Rampage  .   j - +0 pair of gloves
Will     ++...                  (no boots)
Stlth    ..........             D - amulet of guardian spirit
HPRegen  1.26/turn              x - ring of protection from fire
MPRegen  0.13/turn              q - +6 ring of strength

@: berserk cooldown, regenerating, slowed, repel missiles, very slow
A: talons 2, slimy green scales 1, powered by death 3, miasma immunity
a: Renounce Religion, Berserk, Trog's Hand, Brothers in Arms


You were on level 14 of the Dungeon.
You worshipped Trog.
Trog was extremely pleased with you.
You visited 1 branch of the dungeon, and saw 12 of its levels.

You collected 1222 gold pieces.

Inventory:

Hand Weapons
 a - a +5 flail (weapon)
 e - a +0 dire flail
 k - a +0 scythe
 l - a +4 whip
 p - a +3 scimitar of flaming
 B - the +9 rapier "Iguggojudo" {vorpal, rPois Int+3, unknown}
   (You found it on level 13 of the Dungeon)

   It inflicts extra damage upon your enemies.
   It affects your intelligence (+3).
   It protects you from poison.
 H - a cursed +5 great sword
 I - a +0 halberd of venom
 K - a +2 halberd of freezing
 Q - a +0 glaive
 R - a +0 flail
 U - a +0 scimitar
 W - a +3 battleaxe
 Y - a +0 great sword
Missiles
 h - 3 javelins (quivered)
 L - 3 throwing nets
Armour
 c - a +0 kite shield
 d - a scarf of repulsion (worn)
 i - a +2 plate armour (worn)
 j - a +0 pair of gloves (worn)
 s - a +0 pair of gloves
 O - a +1 kite shield of protection (worn)
 X - a +0 robe of willpower
Jewellery
 f - an uncursed ring of willpower
 o - an uncursed amulet of magic regeneration
 q - a +6 ring of strength (right hand)
 x - a ring of protection from fire (left hand)
 D - an amulet of guardian spirit (around neck)
Wands
 y - a wand of disintegration (24)
 A - a wand of random effects (23)
 C - a wand of enslavement (12)
 M - a wand of iceblast (13)
 N - a wand of flame (21)
Scrolls
 g - 4 scrolls of magic mapping
 n - 2 scrolls of blinking
 r - 6 scrolls of fear
 t - 6 scrolls of remove curse
 v - a scroll of immolation
 w - 4 scrolls of amnesia
 E - 4 scrolls of noise
 G - a scroll of identify
Potions
 b - a potion of brilliance {unknown}
 m - 2 potions of berserk rage
 u - a potion of ambrosia
 z - 2 potions of lignification
 F - 4 potions of degeneration
 J - 2 potions of magic {unknown}
 S - 2 potions of flight {unknown}


   Skills:
 + Level 9.5 Fighting
 + Level 12.5 Maces & Flails
 + Level 10.6 Armour
 + Level 2.6 Dodging
 + Level 1.3 Stealth
 + Level 10.3 Shields


You had 12 spell levels left.
You didn't know any spells.
Your spell library contained the following spells:

 Spells                   Type           Power        Failure   Level
 Corona                   Hex            0%           99%         1
 Magic Dart               Conj           0%           99%         1
 Blink                    Tloc           N/A          100%        2
 Call Imp                 Summ           0%           100%        2
 Ensorcelled Hibernation  Hex/Ice        0%           100%        2
 Slow                     Hex            0%           100%        2
 Confusing Touch          Hex            0%           100%        3
 Conjure Flame            Conj/Fire      0%           100%        3
 Dazzling Flash           Conj/Hex       0%           100%        3
 Mephitic Cloud           Conj/Pois/Air  0%           100%        3
 Tukima's Dance           Hex            0%           100%        3


Dungeon Overview and Level Annotations

Branches:
Dungeon (14/15)            Temple (0/1) D:4             Orc (0/2) D:10
   Lair: D:8-11      Vaults: D:13-14

Altars:
Dithmenos
Fedhas
Gozag
Okawaru
Sif Muna
Trog

Shops:
D:10 !(

Annotations:
D:14 Agnes


Innate Abilities, Weirdness & Mutations

You have razor-sharp toenails.
You are partially covered in slimy green scales. (AC +2)
You regenerate a lot of health from kills.
You are immune to miasma.


Message History

* * * LOW HITPOINT WARNING * * *
You feel much better. You block Agnes's attack.
The kobold hits you but does no damage. You block Agnes's attack.
The kobold hits you but does no damage.
Your plate armour prevents you from hitting Agnes.
Your kick misses Agnes.
Agnes is lightly wounded.
Agnes hits you with a +0 lajatang!
* * * LOW HITPOINT WARNING * * *
You block the kobold's attack. You block Agnes's attack.
You miss Agnes. Your kick misses Agnes.
Agnes is lightly wounded.
Agnes hits you with a +0 lajatang!
* * * LOW HITPOINT WARNING * * *
You block the kobold's attack. You block Agnes's attack.
You sock Agnes! You claw Agnes, but do no damage.
Agnes is lightly wounded.
Agnes hits you but does no damage. The kobold hits you but does no damage.
The kobold barely misses you. Agnes hits you with a +0 lajatang!
You die...

#.# #############
#.# ............#
#.# ####...###.###.#
#...# #..##.# #i@K#
##.##.# #...#
#..#.####### #...#
##.#)#......
#...#####.))#......
#...##(.....)....[.
....##.............
....##.......)))...
..##.#..............
#..............


You could see Agnes (resistant) and a kobold.

Vanquished Creatures
  Jorgrun (D:14)
  Kirke (D:13)
  Azrael (D:13)
  An ogre mage (D:14)
  2 boulder beetles
  2 hydras
  Harold (D:10)
  3 centaur warriors
  A tengu warrior (D:14)
  6 two-headed ogres
  An orc knight (D:10)
  An ugly thing (D:13)
  2 centaur zombies
  2 cyclopes
  A deep elf mage (D:11)
  A kobold demonologist (D:13)
  A komodo dragon (D:12)
  3 trolls
  Sigmund (D:3)
  2 wraiths (D:10)
  A hog (D:13)
  20 yaks
  A basilisk (D:12)
  5 fire elementals (D:13)
  A soldier ant (D:12)
  A hell hound (D:13)
  3 water moccasins
  7 orc warriors
  5 sky beasts
  6 ice beasts
  2 eyes of draining
  3 phantoms
  4 black bears
  A tengu (shapeshifter) (D:14)
  4 ogres
  8 centaurs
  2 bullfrogs
  4 scorpions
  7 killer bees
  9 wights
  2 howler monkeys
  2 jellies
  4 bullfrog zombies
  A quasit (D:13)
  3 hounds
  7 orc wizards
  6 orc priests
  6 centaur skeletons
  2 bullfrog skeletons
  4 iguanas
  13 worker ants
  A hound zombie (D:10)
  A hound skeleton (D:11)
  A worker ant zombie (D:6)
  A howler monkey zombie (D:6)
  16 adders
  12 white imps (D:12)
  An ufetubus (D:6)
  2 oozes
  An adder zombie (D:6)
  A worm (D:4)
  3 dart slugs
  3 leopard geckos
  38 orcs
  6 giant cockroaches
  9 goblins
  6 hobgoblins
  13 jackals
  3 quokkas
  3 ball pythons
  8 bats
  8 frilled lizards
  9 kobolds
  A leopard gecko skeleton (D:5)
  4 rats
329 creatures vanquished.

Vanquished Creatures (others)
  An orc (D:13)
1 creature vanquished.

Grand Total: 330 creatures vanquished

Notes
Turn   | Place    | Note
-------+----------+-------------------------------------------
     0 | D:1      | Tyagj the Demonspawn Fighter began the quest for the Orb.
     0 | D:1      | Reached XP level 1. HP: 18/18 MP: 1/1
   208 | D:1      | Reached skill level 2 in Maces & Flails
   208 | D:1      | Gained mutation: You are partially covered in slimy green
                  | scales. (AC +2) [demonic ancestry]
   208 | D:1      | Reached XP level 2. HP: 14/24 MP: 2/2
  1252 | D:1      | Gained mutation: You regenerate a little health from kills.
                  | [demonic ancestry]
  1252 | D:1      | Reached XP level 3. HP: 29/29 MP: 3/3
  1952 | D:2      | Reached XP level 4. HP: 7/35 MP: 4/4
  2709 | D:2      | Found a bloodstained altar of Trog.
  2712 | D:2      | Became a worshipper of Trog the Wrathful
  3601 | D:3      | Noticed Sigmund
  3614 | D:3      | Killed Sigmund
  3615 | D:3      | Reached skill level 3 in Maces & Flails
  3615 | D:3      | Reached skill level 1 in Dodging
  3615 | D:3      | Reached XP level 5. HP: 39/42 MP: 5/5
  3647 | D:3      | Gained mutation: You regenerate health from kills. [demonic
                  | ancestry]
  3647 | D:3      | Reached XP level 6. HP: 48/48 MP: 6/6
  3779 | D:3      | Found a shimmering blue altar of Sif Muna.
  4303 | D:3      | Reached * piety under Trog
  4649 | D:3      | Reached skill level 4 in Maces & Flails
  4946 | D:4      | Found an opulent altar of Gozag.
  5058 | D:4      | Found a blossoming altar of Fedhas.
  5483 | D:4      | Gained mutation: You are immune to miasma. [demonic
                  | ancestry]
  5483 | D:4      | Reached XP level 7. HP: 53/53 MP: 7/7
  5788 | D:4      | Found a staircase to the Ecumenical Temple.
  5856 | D:4      | Reached skill level 5 in Maces & Flails
  6435 | D:5      | Entered Level 5 of the Dungeon
  7180 | D:5      | Gained mutation: You have sharp toenails. [demonic
                  | ancestry]
  7180 | D:5      | Reached XP level 8. HP: 60/60 MP: 8/8
  7695 | D:5      | Reached skill level 6 in Maces & Flails
  7707 | D:5      | Reached skill level 5 in Armour
  7721 | D:5      | Reached ** piety under Trog
  8552 | D:6      | Reached skill level 5 in Fighting
  8739 | D:6      | Reached skill level 5 in Shields
  8769 | D:6      | Reached skill level 7 in Maces & Flails
  8865 | D:6      | Found an iron altar of Okawaru.
  8962 | D:6      | Reached XP level 9. HP: 67/68 MP: 7/9
  9190 | D:6      | Reached skill level 8 in Maces & Flails
  9897 | D:7      | You fall into a shaft and drop 3 floors!
  9897 | D:10     | Entered Level 10 of the Dungeon
  9912 | D:10     | Noticed a troll
  9920 | D:10     | Killed a troll
 10554 | D:10     | Noticed Harold
 10569 | D:10     | Killed Harold
 10570 | D:10     | Reached skill level 9 in Maces & Flails
 10570 | D:10     | Reached XP level 10. HP: 63/76 MP: 5/10
 10633 | D:10     | Found Douz's Distillery.
 10718 | D:10     | Found Duifat's Weapon Emporium.
 10718 | D:10     | Found a staircase to the Orcish Mines.
 10718 | D:10     | Noticed an orc knight
 10734 | D:10     | HP: 2/76 [orc priest/divine providence (13)]
 11103 | D:10     | Killed an orc knight
 11103 | D:10     | Reached *** piety under Trog
 13336 | D:11     | Noticed a deep elf mage
 13342 | D:11     | Killed a deep elf mage
 13343 | D:11     | Reached skill level 10 in Maces & Flails
 13389 | D:11     | Gained mutation: You regenerate a lot of health from kills.
                  | [demonic ancestry]
 13389 | D:11     | Reached XP level 11. HP: 62/84 MP: 5/11
 13535 | D:11     | Reached **** piety under Trog
 13877 | D:11     | Noticed a two-headed ogre
 13886 | D:11     | Killed a two-headed ogre
 15010 | D:11     | Noticed a seven-headed hydra
 15019 | D:11     | Killed a seven-headed hydra
 15371 | D:12     | Reached skill level 1 in Stealth
 15619 | D:12     | Noticed a boulder beetle
 15639 | D:12     | Killed a boulder beetle
 15646 | D:12     | Reached skill level 11 in Maces & Flails
 15690 | D:12     | Found a frozen archway.
 16318 | D:13     | Reached ***** piety under Trog
 16320 | D:13     | Noticed a centaur warrior
 16322 | D:13     | Noticed a white ugly thing
 16331 | D:13     | Killed a centaur warrior
 16335 | D:13     | Killed a white ugly thing
 16377 | D:13     | Noticed a six-headed hydra
 16382 | D:13     | Killed a six-headed hydra
 16383 | D:13     | Reached XP level 12. HP: 76/92 MP: 10/12
 16477 | D:13     | Got a steaming rapier
 16495 | D:13     | Noticed Azrael
 16526 | D:13     | Killed Azrael
 16658 | D:13     | Found a shadowy altar of Dithmenos.
 16859 | D:13     | Noticed Kirke
 16874 | D:13     | Killed Kirke
 16885 | D:13     | Noticed a centaur warrior
 16895 | D:13     | Killed a centaur warrior
 16896 | D:13     | Reached skill level 12 in Maces & Flails
 17395 | D:14     | Noticed a centaur warrior
 17396 | D:14     | Noticed a tengu warrior
 17416 | D:14     | Killed a tengu warrior
 17417 | D:14     | Reached skill level 10 in Armour
 17429 | D:14     | Killed a centaur warrior
 17480 | D:14     | Noticed a boulder beetle
 17483 | D:14     | Received a gift from Trog
 17515 | D:14     | Killed a boulder beetle
 17535 | D:14     | Noticed a two-headed ogre
 17535 | D:14     | Noticed a two-headed ogre
 17543 | D:14     | Killed a two-headed ogre
 17546 | D:14     | Noticed a two-headed ogre
 17549 | D:14     | Killed a two-headed ogre
 17550 | D:14     | Reached skill level 10 in Shields
 17551 | D:14     | Killed a two-headed ogre
 17552 | D:14     | Noticed an ogre mage
 17552 | D:14     | Noticed a two-headed ogre
 17554 | D:14     | Noticed a two-headed ogre
 17562 | D:14     | Killed an ogre mage
 17563 | D:14     | Gained mutation: You have razor-sharp toenails. [demonic
                  | ancestry]
 17563 | D:14     | Reached XP level 13. HP: 101/101 MP: 10/13
 17703 | D:14     | Noticed Jorgrun
 17704 | D:14     | Noticed Agnes
 17724 | D:14     | Killed Jorgrun
 17735 | D:14     | Slain by Agnes

Illustrated notes

Levels and vault maps discovered:
D:1:      minmay_arrival_doors, layout_loops_corners, minmay_misc_feat_cross
D:2:      layout_loops_ring, lemuel_doored_altar, st_stairs_8,
          grunt_ministairs_13, wad_orctagon
D:3:      layout_loops_ring, general_overflow_altar, uniq_sigmund
D:4:      layout_basic, nicolae_gozag_seed_capital, lemuel_crystal_altar,
          minmay_temple_entry_nine_rooms, minmay_quantized
D:5:      layout_gridville
D:6:      layout_rooms, okawaru_ov_weapons_minmay, minmay_misc_feat_ornament,
          minmay_misc_feat_hallway, minmay_hedge_maze
D:7:      layout_rooms, old_standard_altar, tso_metal_star, nzn_ghost_randoct,
          uniq_duvessa
D:10:     minmay_polygon_palace, layout_irregular_city, orc_david_3,
          serial_shops, nicolae_shop_stone, uniq_harold
D:11:     layout_basic
D:12:     layout_rooms, portal_ice_cave_entry_imps, st_stairs_2
D:13:     layout_loops_ring, nicolae_dithmenos_the_darkroom, uniq_kirke,
          uniq_azrael
D:14:     layout_basic, skrybe_vaults_entry_preservation, serial_shops,
          bzr_entry_safe, uniq_jorgrun, uniq_agnes

Skill      XL: |  1  2  3  4  5  6  7  8  9 10 11 12 |
---------------+-------------------------------------+-----
Maces & Flails | 2 3 4 5 7 9 10 11 12 | 12.5
Shields        | 3 4 5 6 7 8 10 | 10.3
Armour         | 3 4 5 6 8 9 10 | 10.6
Dodging        | 1 2 |  2.6
Fighting       | 4 5 6 7 8 9 |  9.5
Stealth        | 1 |  1.3

Action                   |  1- 3 |  4- 6 |  7- 9 | 10-12 | 13-15 || total
-------------------------+-------+-------+-------+-------+-------++-------
Melee: Flail             |   206 |   165 |   283 |   593 |    48 ||  1295
       Kick              |       |       |    63 |   256 |    21 ||   340
Invok: Berserk           |       |     1 |     5 |    26 |     1 ||    33
       Trog's Hand       |       |       |     1 |     2 |     1 ||     4
  Use: Potion            |     4 |     1 |       |     9 |     1 ||    15
       Scroll            |     4 |     9 |     8 |     6 |       ||    27
Armor: Scale mail        |   117 |       |       |       |       ||   117
       Plate armour      |    56 |   107 |   186 |   374 |    20 ||   743
Dodge: Dodged            |    73 |    28 |    54 |   177 |    15 ||   347
       Repelled          |       |       |     3 |     4 |       ||     7
Block: Kite shield       |   118 |    79 |   153 |   395 |    37 ||   782
